Map: Winter Madness LE

Players

bikez

  • Race: Protoss Protoss
  • League: Gold
  • Spawn Location: 5:00

SCIInewby - Winner!

  • Race: Protoss Protoss
  • League: Master
  • Spawn Location: 11:00

VOD

Have the link to the VOD?

Description

Time

  • Played on: Feb. 10, 2026, 3:02 p.m.
  • Length: 14:11
Show
View Real Time Build Order
Export as new Build Order

bikez Protoss 

Build Orders: Carriers 

Get SALT Encoding   

  1  0:00  Probe  
  12  0:06  Probe  
  14  0:19  Pylon  
  14  0:23  Probe  
  15  0:37  Probe  
  16  0:45  Forge  
  16  0:52  Probe  
  17  1:05  Probe  
  17  1:09  Gateway  
  18  1:15  Probe  
  19  1:23  Probe  
  20  1:35  Photon Cannon  
  20  1:44  Pylon  
  20  1:54  Pylon  
  20  2:05  Nexus  
  20  2:10  Assimilator  
  20  2:19  Assimilator  
  20  2:24  Photon Cannon  
  20  2:55  Nexus  
  20  3:04  Photon Cannon  
  20  3:13  Cybernetics Core  
  20  3:18  Photon Cannon  
  20  3:22  Probe  
  21  3:30  Probe  
  22  3:34  Probe  
  23  3:42  Probe  
  23  3:46  Probe  
  25  3:56  Stargate  
  25  3:58  Probe  
  25  4:02  Shield Battery  
  26  4:07  Probe  
  26  4:08  Probe  
  26  4:09  Probe  
  27  4:17  Probe  
  29  4:19  Protoss Air Weapons Level 1  
  29  4:20  Probe x2  
  31  4:25  Probe  
  33  4:31  Probe  
  33  4:32  Probe  
  33  4:37  Probe  
  36  4:41  Pylon  
  40  4:48  Void Ray  
  40  4:52  Probe  
  41  4:57  Pylon  
  41  4:58  Probe  
  41  5:01  Probe  
  41  5:02  Probe  
  41  5:06  Probe  
  44  5:10  Probe  
  44  5:13  Probe  
  47  5:14  Shield Battery  
  47  5:15  Probe  
  47  5:18  Assimilator, Probe  
  48  5:23  Assimilator  
  48  5:25  Probe  
  48  5:26  Probe, Protoss Shields Level 1  
  48  5:27  Probe  
  51  5:35  Probe  
  52  5:37  Probe  
  52  5:39  Probe  
  55  5:43  Photon Cannon  
  55  5:45  Shield Battery  
  55  5:49  Photon Cannon  
  55  5:55  Probe  
  56  6:02  Nexus  
  56  6:05  Probe  
  56  6:09  Assimilator  
  57  6:12  Assimilator  
  57  6:13  Probe  
  58  6:19  Pylon  
  58  6:21  Probe  
  59  6:33  Fleet Beacon, Probe  
  59  6:37  Cybernetics Core  
  60  6:42  Stargate  
  60  6:43  Stargate  
  60  6:45  Probe  
  61  6:48  Pylon  
  65  6:54  Void Ray  
  65  6:58  Probe  
  65  7:00  Forge  
  65  7:01  Protoss Air Armor Level 1  
  66  7:06  Twilight Council  
  66  7:08  Probe x2  
  68  7:10  Probe  
  68  7:15  Probe  
  70  7:20  Probe x2  
  70  7:22  Probe  
  73  7:27  Probe  
  74  7:32  Probe x2  
  76  7:37  Stargate  
  76  7:42  Stargate  
  76  7:44  Pylon  
  76  7:52  Probe  
  77  8:03  Assimilator  
  77  8:04  Probe  
  78  8:07  Assimilator  
  78  8:16  Probe  
  78  8:17  Protoss Ground Armor Level 1  
  78  8:18  Pylon  
  79  8:28  Protoss Ground Weapons Level 1  
  79  8:31  Resonating Glaives  
  79  8:35  Carrier  
  85  8:43  Protoss Air Weapons Level 2  
  85  8:45  Pylon  
  85  8:49  Pylon  
  85  8:59  Pylon  
  85  9:08  Carrier  
  85  9:09  Carrier  
  97  9:20  Robotics Facility  
  97  9:25  Pylon  
  97  9:28  Stargate  
  97  9:35  Photon Cannon  
  96  10:04  Carrier  
  96  10:05  Carrier  
  96  10:07  Unknown  
  105  10:27  Stargate  
  68  10:51  Stargate  
  68  10:53  Pylon  
  66  10:57  Photon Cannon  
  64  11:04  Fleet Beacon  
  64  11:05  Cybernetics Core  
  64  11:07  Stargate  
  64  11:12  Carrier  
  64  11:13  Carrier  
  72  11:22  Tempest  
  75  11:30  Forge  
  74  11:34  Pylon  
  74  11:37  Cybernetics Core  
  72  11:49  Flux Vanes  
  72  12:03  Nexus  
  48  12:57  Nexus  
  44  13:01  Assimilator  
  44  13:04  Assimilator  
  34  13:12  Pylon  
  46  13:30  Probe  
  41  13:42  Probe  
  36  13:55  Probe  
Show
View Real Time Build Order
Export as new Build Order

SCIInewby Protoss - Winner!

Build Orders: 1 Gate Expand, Carriers 

Get SALT Encoding   

  12  0:04  Probe  
  13  0:20  Probe  
  14  0:24  Pylon  
  14  0:33  Probe  
  15  0:44  Gateway  
  15  0:51  Probe  
  16  1:07  Probe  
  17  1:15  Nexus  
  17  1:21  Probe  
  18  1:30  Assimilator  
  18  1:33  Probe  
  19  1:42  Forge  
  19  1:45  Probe  
  20  1:51  Assimilator  
  20  1:57  Probe  
  20  1:59  Pylon  
  21  2:03  Zealot  
  23  2:17  Probe  
  23  2:19  Cybernetics Core  
  24  2:35  Probe x2  
  24  2:43  Probe  
  24  2:44  Probe  
  28  2:53  Probe x2  
  28  2:56  Stalker  
  28  2:57  Twilight Council  
  30  3:05  Probe  
  32  3:06  Warp Gate  
  32  3:08  Photon Cannon  
  32  3:10  Protoss Ground Weapons Level 1  
  32  3:13  Probe  
  32  3:17  Probe  
  34  3:26  Probe, Assimilator  
  35  3:30  Probe  
  36  3:34  Probe  
  36  3:39  Probe  
  37  3:42  Probe  
  37  3:47  Assimilator  
  37  3:48  Charge  
  39  3:53  Pylon, Probe  
  40  3:57  Probe  
  41  4:05  Probe  
  41  4:09  Gateway  
  42  4:12  Gateway  
  42  4:16  Pylon, Probe  
  43  4:18  Probe  
  44  4:28  Probe x2  
  44  4:31  Pylon  
  46  4:36  Probe x2  
  46  4:44  Pylon, Probe x2  
  50  5:08  Stargate  
  50  5:12  Stargate  
  50  5:13  Pylon  
  50  5:23  Zealot  
  50  5:26  Zealot  
  50  5:27  Pylon  
  54  5:29  Zealot  
  54  5:30  Photon Cannon  
  54  5:32  Photon Cannon  
  54  5:33  Protoss Shields Level 1  
  56  5:45  Photon Cannon  
  56  5:46  Pylon  
  56  5:48  Zealot x2, Pylon, Photon Cannon  
  60  5:52  Zealot  
  62  6:06  Fleet Beacon  
  62  6:14  Stalker x2  
  66  6:21  Probe  
  66  6:22  Probe  
  68  6:32  Gateway x2  
  68  6:37  Pylon  
  68  6:41  Probe x2  
  68  6:47  Zealot x2  
  74  6:55  Carrier  
  74  6:58  Pylon  
  80  7:01  Pylon  
  80  7:03  Zealot  
  82  7:08  Zealot x2  
  82  7:09  Carrier  
  92  7:37  Assimilator, Protoss Shields Level 2  
  92  7:38  Probe, Nexus  
  92  7:39  Probe  
  92  7:41  Assimilator  
  94  7:50  Probe  
  95  7:56  Protoss Air Armor Level 1  
  95  8:00  Probe  
  95  8:02  Probe  
  97  8:09  Carrier  
  97  8:12  Probe  
  98  8:15  Probe  
  98  8:16  Carrier  
  105  8:24  Probe  
  105  8:27  Probe  
  113  8:39  Probe  
  113  8:40  Probe  
  115  8:50  Photon Cannon  
  115  8:51  Probe  
  115  8:52  Photon Cannon, Probe  
  117  8:57  Photon Cannon  
  117  8:58  Probe  
  118  9:04  Probe x2  
  118  9:05  Zealot x2  
  118  9:07  Carrier  
  130  9:23  Carrier  
  130  9:28  Probe x2  
  138  9:36  Zealot  
  138  9:37  Zealot x2  
  128  10:11  Zealot  
  128  10:12  Zealot x3  
  136  10:15  Pylon  
  136  10:16  Zealot  
  136  10:51  Zealot x4  
  136  10:52  Zealot  
  136  10:53  Probe  
  136  10:54  Probe x2  
  149  11:02  Carrier  
  149  11:05  Probe  
  149  11:06  Probe  
  151  11:17  Protoss Ground Weapons Level 2, Nexus  
  153  11:38  Protoss Air Armor Level 2  
  153  11:59  Zealot x2  
  155  12:12  Carrier  
  155  12:14  Carrier  
  153  12:16  Pylon  
  149  12:24  Pylon  
  143  12:34  Pylon  
  143  12:36  Stalker  
  143  12:37  Stalker x4  
  141  12:43  Pylon  
  137  12:49  Pylon  
  119  13:02  Stalker x2  
  119  13:03  Stalker x3  
  121  13:06  Carrier  
  121  13:09  Probe x3  
  130  13:36  Stalker x3  
  130  13:37  Stalker  
  130  13:38  Stalker  
  120  13:59  Stalker x2  
  120  14:00  Stalker  
Tags
 
Composition
CarriersCarriers
Matchup
PvP
Replay Pack
Multiplayer
Spawn Locations
Cross Positions
Add a new tag
Caveats
  • Supply blocks, unpowered buildings, or Contaminate may cause inaccurate times.
  • Supply counts are checked every 10 seconds.